 Dungeon Crawl Stone Soup version 0.28.0-53-g5a82cb258f (webtiles) character file.

Game seed: 6218329404511758408

1008 bnorton916 the Magician (level 8, -5/41 HPs)
             Began as a Deep Elf Fire Elementalist on June 2, 2022.
             Was an Initiate of Gozag.
             Killed from afar by Maggie (21 damage)
             ... with a bolt of acid
             ... on level 6 of the Dungeon.
             The game lasted 00:08:06 (8626 turns).

bnorton916 the Magician (DEFE)                      Turns: 8626, Time: 00:08:07

Health: -5/41      AC:  0    Str: 11    XL:     8   Next: 1%
Magic:  14/20      EV: 12    Int: 23    God:    Gozag
Gold:   246        SH:  0    Dex: 15    Spells: 17/20 levels left

rFire   . . .      SeeInvis .   r - +0 halberd (protect)
rCold   . . .      Faith    .   (shield currently unavailable)
rNeg    . . .      Spirit   .   a - +0 robe
rPois   .          Reflect  .   (no helmet)
rElec   .          Harm     .   (no cloak)
rCorr   .          Rampage  .   w - +0 pair of gloves
Will    .....                   f - +0 pair of boots
Stlth   ++........              (no amulet)
HPRegen 0.13/turn               p - +6 ring of strength
MPRegen 0.17/turn               (no ring)

@: corroded, mesmerised
A: no striking features
a: Renounce Religion, Potion Petition, Call Merchant, Bribe Branch


You were on level 6 of the Dungeon.
You worshipped Gozag.
Gozag was aware of your devotion.
You visited 2 branches of the dungeon, and saw 7 of its levels.

You collected 311 gold pieces.
You paid 65 gold pieces to Gozag.

Inventory:

Hand Weapons
 i - a +1 trident of venom
 r - a +0 halberd of protection (weapon)
Missiles
 c - 74 stones
 e - 4 javelins
 g - 3 throwing nets
 x - 6 poisoned darts
Armour
 a - a +0 robe (worn)
 f - a +0 pair of boots (worn)
 w - a +0 pair of gloves (worn)
Jewellery
 p - a +6 ring of strength (left hand)
Wands
 u - a wand of acid (3)
Scrolls
 m - a scroll of acquirement {unknown}
 o - a scroll of enchant weapon {unknown}
 t - 2 scrolls of enchant armour {unknown}
Potions
 b - 2 potions of lignification
 d - 4 potions of flight
 h - 2 potions of might {unknown}
 j - a potion of mutation {unknown}
 k - 3 potions of degeneration {unknown}
 l - a potion of cancellation {unknown}
 n - a potion of haste {unknown}
 q - 3 potions of heal wounds {unknown}
 s - a potion of curing {unknown}
 v - a potion of brilliance {unknown}


   Skills:
 + Level 3.2 Armour
 - Level 2.4 Dodging
 - Level 2.4 Stealth
 + Level 6.8 Spellcasting
 + Level 5.2 Conjurations
 + Level 6.1 Fire Magic


You had 17 spell levels left.
You knew the following spells:

 Your Spells              Type           Power      Damage    Failure   Level
a - Foxfire               Conj/Fire      100%       2x1d9     1%          1
b - Scorch                Fire           72%        2d9       1%          2

Your spell library contained the following spells:

 Spells                   Type           Power      Damage    Failure   Level
 Conjure Flame            Conj/Fire      34%        6-21      2%          3
 Inner Flame              Hex/Fire       22%        N/A       7%          3
 Flame Wave               Conj/Fire      34%        2d8       8%          4
 Gell's Gravitas          Tloc           7%         N/A       24%         3
 Lesser Beckoning         Tloc           7%         N/A       24%         3
 Teleport Other           Tloc           7%         N/A       24%         3


Dungeon Overview and Level Annotations

Branches:
Dungeon (6/15)             Temple (1/1) D:5

Altars:
Ashenzari
Cheibriados
Dithmenos
Elyvilon
Fedhas
Gozag
Hepliaklqana
Kikubaaqudgha
Makhleb
Nemelex Xobeh
Okawaru
Qazlal
Sif Muna
Trog
Uskayaw
Vehumet
Wu Jian
Xom
Zin
The Shining One

Shops:
D:2 [

Annotations:
D:2 Terence
D:6 Maggie


Message History

The hound is almost dead.
The foxfire hits the hound.
You kill the hound!
You have reached level 8!
You feel clever.
Found 20 sling bullets.
You now have 246 gold pieces (gained 5).
Maggie the Vainglorious comes into view.
She is wielding a +0 scimitar and carrying a wand of acid (8).
Casting: Foxfire (safe; 1% risk of failure)
Confirm with . or Enter, or press ? or * to list all spells.
You conjure some foxfire!
Maggie shouts!
The foxfire hits Maggie.
Maggie is lightly wounded.
Maggie casts a spell.
Maggie attempts to bespell you!
You are mesmerised by Maggie!
You cannot move away from Maggie!
Unknown command.
You cannot move away from Maggie!
Casting: Foxfire (safe; 1% risk of failure)
Confirm with . or Enter, or press ? or * to list all spells.
Flames lash Maggie.
Maggie is moderately wounded.
Maggie's fire resistance burns away.
The foxfire hits Maggie but does no damage.
Maggie is moderately wounded.
Maggie gestures at you while chanting. The bolt of fire misses you.
Casting: Scorch (safe; 1% risk of failure)
Confirm with . or Enter, or press ? or * to list all spells.
Flames lash Maggie.
Maggie is burned terribly!
Maggie is severely wounded.
Maggie zaps a wand.
The bolt of acid hits you!!
Ouch! That really hurt!
The acid corrodes you!
Maggie zaps a wand.
The bolt of acid hits you!!
Ouch! That really hurt!
You die...
Your body crumbles into a pile of gold.

$ .#.# ##### $....
(... $ #..###...
##...... ####....#.#
.. .....##.#@##
.###.........###..#
...#........@...$...
.#......(......####..
..............<...###
.......#............#
.
......#.........##...
.. #......(.......#
##..
...#.................
.
...#....##.#.######.#
$ #.......##.#..# ...


You could see Maggie (mesmerising, combustible).

Vanquished Creatures
  A sky beast (D:5)
  A necrophage (D:4)
  2 ogres
  A centaur (D:6)
  A wyvern zombie (D:6)
  A scorpion (D:4)
  A jelly (D:4)
  2 hounds
  A gnoll shaman (D:5)
  An orc wizard (D:4)
  Jessica (D:2)
  2 iguanas (D:4)
  A killer bee zombie (D:4)
  7 gnolls
  7 adders
  An ufetubus (D:4)
  2 worms (D:2)
  A dart slug (D:1)
  8 orcs
  11 ball pythons
  5 endoplasms
  5 giant cockroaches
  4 goblins
  9 hobgoblins
  3 jackals
  3 kobolds
  3 quokkas
  5 bats
  4 frilled lizards
  7 rats
101 creatures vanquished.

Vanquished Creatures (others)
  403 foxfires
403 creatures vanquished.

Grand Total: 504 creatures vanquished

Notes
Turn   | Place    | Note
-------+----------+-------------------------------------------
     0 | D:1      | bnorton916 the Deep Elf Fire Elementalist began the quest
                  | for the Orb.
     0 | D:1      | Reached XP level 1. HP: 10/10 MP: 6/6
   272 | D:1      | Reached XP level 2. HP: 15/15 MP: 6/8
   651 | D:1      | Found a faded altar of an unknown god.
  1413 | D:1      | Reached XP level 3. HP: 19/19 MP: 5/10
  2023 | D:2      | Found Sack's Antique Armour Boutique.
  2208 | D:2      | Noticed Jessica
  2217 | D:2      | Killed Jessica
  2218 | D:2      | Reached XP level 4. HP: 24/24 MP: 7/12
  2588 | D:2      | Noticed Terence
  3006 | D:1      | Learned a level 2 spell: Scorch
  3684 | D:3      | Reached skill level 1 in Armour
  3684 | D:3      | Reached XP level 5. HP: 28/28 MP: 10/13
  4573 | D:4      | Reached skill level 5 in Spellcasting
  4899 | D:4      | Reached XP level 6. HP: 23/32 MP: 11/15
  5075 | D:4      | Reached skill level 5 in Fire Magic
  5660 | D:4      | Found a burning altar of Makhleb.
  5669 | D:4      | Found a snail-covered altar of Cheibriados.
  6178 | D:4      | Reached XP level 7. HP: 36/36 MP: 17/17
  6466 | D:5      | Entered Level 5 of the Dungeon
  6698 | D:5      | Found a staircase to the Ecumenical Temple.
  6704 | Temple   | Entered the Ecumenical Temple
  6812 | Temple   | Became a worshipper of Gozag Ym Sagoz the Greedy
  8382 | D:6      | Reached skill level 5 in Conjurations
  8616 | D:6      | Reached XP level 8. HP: 41/41 MP: 17/20
  8619 | D:6      | Noticed Maggie
  8626 | D:6      | Killed from afar by Maggie

Illustrated notes

Levels and vault maps discovered:
D:1:      erik_arrival_cave_to_civilisation [erik_arrival_cave_to_hall],
          layout_rooms, shapermc_ecumenical_altar_totnotflames,
          serial_corexii_hall, corexii_hall_statues_i,
          chequers_hall_statues_wall_a, chequers_hall_statues_y,
          minmay_misc_feat_nine_boxes, minmay_domino_4
D:2:      layout_rooms, serial_shops, shop, kennysheep_jessica_study,
          uniq_terence
D:3:      layout_loops_ring
D:4:      layout_layer_cave, mainiacjoe_overflow_swirl, serial_glass,
          glass_columns_b, glass_columns_a, kennysheep_crisscross
D:5:      layout_loops_ring, minmay_temple_entry_fiery
D:6:      layout_rooms, nicolae_concentric_dashed_squares_wild, uniq_maggie
Temple:   mainiacjoe_temple_coin_purse

Skill      XL: |  1  2  3  4  5  6  7 |
---------------+----------------------+-----
Conjurations   | 2 3 4 5 |  5.2
Fire Magic     | 4 5 6 |  6.1
Spellcasting   | 4 5 6 |  6.8
Armour         | 1 2 3 |  3.2
Dodging        | |  2.4
Stealth        | |  2.4

Action                   |  1- 3 |  4- 6 |  7- 9 || total
-------------------------+-------+-------+-------++-------
 Cast: Foxfire           |   125 |    88 |    42 ||   255
       Scorch            |       |    14 |     9 ||    23
Evoke: Wand              |       |     2 |       ||     2
  Use: Scroll            |       |       |     2 ||     2
Armor: Robe              |     4 |     9 |     1 ||    14
Dodge: Dodged            |    10 |    25 |    21 ||    56
